 Dungeon Crawl Stone Soup version 0.25.1-2-g60ff931df9 (webtiles) character file.

Game seed: 3752648939383011166

77 Martska the Grasshopper (level 4, -2/40 HPs)
             Began as a Naga Warper on Oct 10, 2020.
             Slain by an orc
             ... wielding a +0 flail
              (9 damage)
             ... on level 3 of the Dungeon.
             The game lasted 00:04:07 (2490 turns).

Martska the Grasshopper (Naga Warper)               Turns: 2490, Time: 00:04:08

Health: -2/40      AC:  3    Str: 13    XL:     4   Next: 33%
Magic:  16/16      EV: 10    Int: 14    God:
Gold:   97         SH:  0    Dex: 11    Spells: 8/8 levels left

rFire    . . .     SeeInvis +   a - +0 spear
rCold    . . .     Gourm    .   (no shield)
rNeg     . . .     Faith    .   b - +0 leather armour
rPois    +         Spirit   .   (no helmet)
rElec    .         Reflect  .   (no cloak)
rCorr    .         Harm     .   (no gloves)
MR       .....                  (no barding)
Stlth    +.........             (no amulet)
HPRegen  0.13/turn              j - ring of magical power
MPRegen  0.15/turn              (no ring)

@: very slow
A: large, see invisible, deformed body, poison resistance, slowness 2, slow
metabolism 1, spit poison 1, AC +1
a: Spit Poison


You were on level 3 of the Dungeon.
You were not hungry.

You visited 1 branch of the dungeon, and saw 3 of its levels.

You collected 97 gold pieces.

Inventory:

Hand Weapons
 a - a +0 spear (weapon)
Missiles
 e - 5 boomerangs of dispersal (quivered)
 k - 2 boomerangs
Armour
 b - a +0 leather armour (worn)
Jewellery
 j - a ring of magical power (left hand)
 o - an uncursed ring of protection from fire
Scrolls
 d - a scroll of blinking
 h - a scroll of immolation {unknown}
 l - a scroll of magic mapping {unknown}
 n - a scroll of amnesia {unknown}
Potions
 g - a potion of might {unknown}
 i - 2 potions of mutation {unknown}
Comestibles
 f - a ration
 m - 2 chunks of flesh


   Skills:
 * Level 2.7 Fighting
 * Level 2.6 Polearms
 - Level 0.8 Throwing
 + Level 1.3 Armour
 * Level 2.1 Dodging
 * Level 2.6 Spellcasting
   Level 3.0 Translocations


You had 8 spell levels left.
You didn't know any spells.
Your spell library contained the following spells:

 Spells                   Type           Power        Failure   Level  Hunger
 Blink                    Tloc           N/A          13%         2    ###....
 Shroud of Golubria       Chrm/Tloc      #.....       24%         2    ###....
 Gell's Gravitas          Tloc           ##........   26%         3    ###....
 Lesser Beckoning         Tloc           ##........   26%         3    ###....
 Teleport Other           Tloc           ##......     26%         3    ###....
 Passage of Golubria      Tloc           N/A          63%         4    #####..


Dungeon Overview and Level Annotations

Branches:
Dungeon (3/15)

Altars:

Annotations:
D:2 Sigmund


Innate Abilities, Weirdness & Mutations

You cannot wear boots.
Your serpentine skin is tough. (AC +1)
You have supernaturally acute eyesight. (SInv)
Armour fits poorly on your strangely shaped body.
Your system is resistant to poisons. (rPois)
You cover ground very slowly.
You have a slow metabolism.
You can spit poison.


Message History

The orc is almost dead.
The orc barely misses you. The rat closely misses you.
The orc hits you with a +0 hand axe.
Attack whom?
Press: ? - help, Dir - move target cursor, f/p - orc
Aim: an orc, wielding a +0 flail and wearing a +0 leather armour (almost dead)
Your leather armour prevents you from hitting the orc.
The orc is almost dead.
The orc hits you with a +0 flail.
* * * LOW HITPOINT WARNING * * *
The rat bites you.
* * * LOW HITPOINT WARNING * * *
The orc hits you but does no damage.
Attack whom?
Press: ? - help, Dir - move target cursor, f/p - orc
Aim: an orc, wielding a +0 flail and wearing a +0 leather armour (severely wounded)
You completely miss the orc.
The orc is severely wounded.
The orc hits you with a +0 flail!
You die...

##+# ##...##
##.....##
##.......######.##
.
#.........#o......
.
+.........@r......
.
#.........#o##...#
#.......##.# #
##.....## .#
##...## .# ##'##
.# #######.### .#
#.........# .. #
#.#####.#.#


You could see 2 orcs and a rat.

Vanquished Creatures
  3 adders (D:3)
  A dart slug (D:1)
  A leopard gecko (D:2)
  2 orcs (D:3)
  A ball python (D:3)
  4 bats
  2 giant cockroaches
  7 goblins
  5 hobgoblins
  4 jackals (D:3)
  2 frilled lizards
  6 kobolds
  5 rats (D:1)
43 creatures vanquished.

Notes
Turn   | Place    | Note
-------+----------+-------------------------------------------
     0 | D:1      | Martska the Naga Warper began the quest for the Orb.
     0 | D:1      | Reached XP level 1. HP: 19/19 MP: 3/3
   215 | D:1      | Reached XP level 2. HP: 22/26 MP: 5/5
   383 | D:1      | Reached skill level 1 in Armour
   925 | D:2      | Reached XP level 3. HP: 21/33 MP: 6/6
  1341 | D:2      | Noticed Sigmund
  2027 | D:3      | Reached XP level 4. HP: 10/40 MP: 7/7
  2490 | D:3      | Slain by an orc

Illustrated notes

Levels and vault maps discovered:
D:1:      evilmike_arrival_plus, layout_loops_cross
D:2:      layout_basic, gammafunk_temple_overflow_pools, lemuel_crystal_altar,
          serial_bayou_lake_a, uniq_sigmund, uniq_robin, uniq_natasha
D:3:      layout_loops_corners, elyvilon_altar_1, uniq_jessica

Skill      XL: |  1  2  3 |
---------------+----------+-----
Armour         | 1 |  1.3
Dodging        | 2 |  2.1
Fighting       | |  2.7
Polearms       | |  2.6
Throwing       | |  0.8
Spellcasting   | |  2.6
Translocations | |  3.0

Action                   |  1- 3 |  4- 6 || total
-------------------------+-------+-------++-------
Melee: Spear             |   150 |    38 ||   188
 Abil: Spit Poison       |     3 |     2 ||     5
  Use: Potion            |     1 |     2 ||     3
       Scroll            |     1 |       ||     1
 Stab: Sleeping          |     1 |       ||     1
  Eat: Chunk             |     2 |       ||     2
       Ration            |       |     1 ||     1
Armor: Leather armour    |    43 |    10 ||    53
Dodge: Dodged            |    60 |    33 ||    93
